 Dungeon Crawl Stone Soup version 0.28-b1-25-g9875b3fc8c (webtiles) character file.

Game seed: 4159631877539325398

42969 Lathuz the Severer (level 13, -1/187 HPs)
             Began as a Minotaur Berserker on Feb 3, 2022.
             Was an Elder of Trog.
             Slain by a 15-headed hydra (11 damage)
             ... on level 5 of the Lair of Beasts on Feb 4, 2022.
             The game lasted 00:56:39 (20689 turns).

Lathuz the Severer (Minotaur Berserker)            Turns: 20689, Time: 00:56:40

Health: -1/187     AC: 12    Str: 31    XL:     13   Next: 88%
Magic:  12/12      EV: 15    Int:  4    God:    Trog [****..]
Gold:   1256       SH: 14    Dex: 12    Spells: 12/12 levels left

rFire   + . .      SeeInvis .   z - +2 hand axe (spect)
rCold   . . .      Faith    .   w - +3 kite shield
rNeg    . . .      Spirit   .   P - +1 leather armour {rF+}
rPois   .          Reflect  .   (helmet restricted)
rElec   .          Harm     .   u - +0 cloak
rCorr   .          Rampage  .   x - +0 pair of gloves
Will    .....                   B - +2 pair of boots
Stlth   ..........              A - amulet of magic regeneration
HPRegen 0.41/turn               g - +4 ring of evasion
MPRegen 0.53/turn               b - +6 ring of strength

@: berserking, very quick
A: horns 2, retaliatory headbutt
a: Renounce Religion, Berserk, Trog's Hand, Brothers in Arms


You were on level 5 of the Lair of Beasts.
You worshipped Trog.
Trog was greatly pleased with you.
You visited 4 branches of the dungeon, and saw 18 of its levels.
You also visited: Volcano.

You collected 1256 gold pieces.

Inventory:

Hand Weapons
 z - a +2 spectral hand axe (weapon)
Missiles
 c - 4 throwing nets (quivered)
 f - 44 poisoned darts
 s - 452 stones
Armour
 d - a +0 plate armour
 t - a +1 pair of boots
 u - a +0 cloak (worn)
 v - a +2 hat
 w - a +3 kite shield (worn)
 x - a +0 pair of gloves (worn)
 B - a +2 pair of boots (worn)
 I - a +2 chain mail of fire resistance
 O - a +3 plate armour of fire resistance
 P - a +1 leather armour of fire resistance (worn)
Jewellery
 b - a +6 ring of strength (right hand)
 g - a +4 ring of evasion (left hand)
 l - an amulet of guardian spirit
 n - a ring of protection from fire
 A - an amulet of magic regeneration (around neck)
 D - a +6 ring of intelligence
 R - a ring of see invisible
Wands
 e - a wand of charming (15)
 i - a wand of iceblast (17)
 j - a wand of polymorph (7)
 p - a wand of paralysis (5)
 q - a wand of flame (7)
 y - a wand of mindburst (6)
Scrolls
 m - 2 scrolls of brand weapon
 r - 2 scrolls of enchant armour
 E - 5 scrolls of fear
 F - 3 scrolls of fog
 S - 2 scrolls of summoning
 T - 3 scrolls of enchant weapon
 X - a scroll of magic mapping {@r4}
 Y - 8 scrolls of teleportation {@r3}
 Z - 5 scrolls of identify {@r1}
Potions
 a - a potion of degeneration {unknown}
 h - 2 potions of invisibility {unknown}
 k - a potion of berserk rage {unknown}
 C - 2 potions of cancellation {unknown}
 H - 5 potions of haste
 J - 5 potions of curing {@q1}
 K - a potion of resistance {unknown}
 L - 4 potions of flight
 M - 3 potions of might
 N - 2 potions of heal wounds {@q2}
 Q - 2 potions of magic


   Skills:
 + Level 14.8 Fighting
 - Level 18.0 Axes
 + Level 14.6 Armour
 - Level 2.1 Dodging
 * Level 10.4 Shields


You had 12 spell levels left.
You didn't know any spells.
Your spell library was empty.

Dungeon Overview and Level Annotations

Branches:
Dungeon (11/15)            Temple (1/1) D:4            Lair (5/6) D:8
  Swamp (0/4) Lair:4        Snake (0/4) Lair:2          Orc (1/2) D:11
Volcano (visited)
  Slime: Lair:5-6

Altars:
Ashenzari
Elyvilon
Fedhas
Gozag
Kikubaaqudgha
Makhleb
Qazlal
Ru
Uskayaw
Vehumet
Wu Jian
Xom
Yredelemnul
Zin


Innate Abilities, Weirdness & Mutations

You have a pair of horns on your head.
You reflexively headbutt those who attack you in melee.


Message History

The 11-headed hydra grows two more!
The 13-headed hydra bites your +2 spectral hand axe!
Your spectral weapon shares its damage with you!
* * * LOW HITPOINT WARNING * * *
The 13-headed hydra bites your +2 spectral hand axe.
Your spectral weapon shares its damage with you!
* * * LOW HITPOINT WARNING * * *
The 13-headed hydra bites your +2 spectral hand axe!
Your spectral weapon shares its damage with you!
Your +2 spectral hand axe fades away.
* * * LOW HITPOINT WARNING * * *
The 13-headed hydra bites you.
* * * LOW HITPOINT WARNING * * *
You chop one of the 13-headed hydra's heads off!
The 12-headed hydra grows two more!
You hit the 14-headed hydra.
The 14-headed hydra is severely wounded.
Your +2 spectral hand axe hits the 14-headed hydra!
Your +2 spectral hand axe chops one of the 14-headed hydra's heads off!
The 13-headed hydra grows two more!
The 15-headed hydra bites you.
* * * LOW HITPOINT WARNING * * *
The 15-headed hydra bites you!
* * * LOW HITPOINT WARNING * * *
The 15-headed hydra bites you.
* * * LOW HITPOINT WARNING * * *
The 15-headed hydra bites you!
* * * LOW HITPOINT WARNING * * *
The 15-headed hydra bites you.
* * * LOW HITPOINT WARNING * * *
A red film seems to cover your vision as you go berserk!
You feel yourself moving faster!
You feel mighty! The 15-headed hydra bites you!
* * * LOW HITPOINT WARNING * * *
The 15-headed hydra bites you.
* * * LOW HITPOINT WARNING * * *
The 15-headed hydra bites you!
* * * LOW HITPOINT WARNING * * *
The 15-headed hydra bites you!
* * * LOW HITPOINT WARNING * * *
The 15-headed hydra bites you!
You die...

...........
............(...
................
............(...##
.............(..(#
.................##
##..............§$#
#..............§D.#
###....)........@#
##..............#
#.#.............##
###..............#
##....>........##
#..............#
##.............#
###.............P#
#....#..........##


You could see a 15-headed hydra.

Vanquished Creatures
  Kirke (Lair:4)
  5 hydras
  Harold (D:11)
  A boulder beetle (D:9)
  6 two-headed ogres
  4 skeletal warriors (D:11)
  A salamander mystic (Volcano)
  An orc knight (Orc:1)
  A lindwurm (Lair:4)
  A deep elf pyromancer (D:7)
  3 manticores
  An ugly thing (D:9)
  4 salamanders (Volcano)
  6 elephants
  A molten gargoyle (D:11)
  4 black mambas
  4 cane toads
  4 komodo dragons
  Psyche (D:8)
  A troll (D:11)
  A meliai (D:9)
  5 polar bears
  9 blink frogs
  5 tyrant leeches (Lair:4)
  24 yaks
  A shadow (D:11)
  3 steam dragons
  2 wraiths
  3 hogs (Lair:4)
  2 basilisks
  Grum (D:11)
  2 nagas (Lair:2)
  2 swamp worms (Lair:4)
  An acid dragon (D:9)
  11 water moccasins
  A warg (D:11)
  2 ice beasts
  A sky beast (D:7)
  3 black bears
  15 orc warriors
  5 ogres
  8 wolves
  A boggart (D:9)
  6 centaurs
  A phantom (D:7)
  7 kobold brigands
  18 bullfrogs
  6 gnoll sergeants
  A water moccasin zombie (D:5)
  A wyvern skeleton (D:6)
  3 wights (D:6)
  12 killer bees
  An electric eel (Lair:4)
  3 howler monkeys
  4 centaur zombies
  3 hounds
  3 bullfrog zombies
  2 jellies
  Crazy Yiuf (D:3)
  6 orc priests
  A bullfrog skeleton (D:5)
  A gnoll shaman (D:7)
  Jessica (D:3)
  Terence (D:3)
  3 iguanas
  Ijyb (D:3)
  7 hell rats
  8 orc wizards
  A hound zombie (D:5)
  A howler monkey zombie (D:9)
  15 gnolls
  2 adders
  2 shadow imps
  A white imp (D:7)
  An ufetubus (D:7)
  2 adder skeletons (D:4)
  4 worms
  A dart slug (D:1)
  63 orcs
  2 endoplasms
  9 goblins
  5 hobgoblins
  3 jackals (D:4)
  23 kobolds
  A quokka (D:5)
  7 ball pythons
  6 bats
  3 frilled lizards
  7 rats
419 creatures vanquished.

Vanquished Creatures (collateral kills)
  2 hydras
  A wyvern (D:8)
  3 orc warriors (D:11)
  3 ogres (D:11)
  2 orc priests (D:11)
  An orc wizard (D:11)
  4 orcs (D:11)
  A kobold (D:8)
17 creatures vanquished.

Vanquished Creatures (others)
  A bullfrog (Lair:5)
  A kobold (D:8)
  18 fungi
  40 plants
60 creatures vanquished.

Grand Total: 496 creatures vanquished

Notes
Turn   | Place    | Note
-------+----------+-------------------------------------------
     0 | D:1      | Lathuz the Minotaur Berserker began the quest for the Orb.
     0 | D:1      | Reached XP level 1. HP: 19/19 MP: 0/0
   191 | D:1      | Reached skill level 4 in Axes
   240 | D:1      | Reached XP level 2. HP: 16/27 MP: 1/1
   528 | D:1      | Found a faded altar of an unknown god.
  1015 | D:2      | Reached XP level 3. HP: 33/33 MP: 2/2
  1493 | D:3      | Found a basalt altar of Yredelemnul.
  1628 | D:3      | Noticed Jessica
  1634 | D:3      | Killed Jessica
  1634 | D:3      | Reached ** piety under Trog
  1643 | D:3      | Reached skill level 5 in Axes
  1646 | D:3      | Reached XP level 4. HP: 32/40 MP: 3/3
  2184 | D:3      | Noticed Terence
  2191 | D:3      | Killed Terence
  2192 | D:3      | Reached XP level 5. HP: 47/47 MP: 4/4
  2255 | D:3      | Noticed Ijyb
  2266 | D:3      | Killed Ijyb
  2593 | D:3      | Found a runed translucent door.
  2594 | D:3      | Noticed Crazy Yiuf
  2749 | D:3      | Killed Crazy Yiuf
  2750 | D:3      | Reached skill level 6 in Axes
  2753 | D:3      | Identified the +1 mace of Blood-Lust {spect, *Noise rC++
                  | Int+3}
  2834 | D:4      | Found a staircase to the Ecumenical Temple.
  2862 | D:4      | Reached skill level 5 in Fighting
  3152 | D:4      | Found a white marble altar of Elyvilon.
  3295 | D:4      | Reached XP level 6. HP: 52/56 MP: 5/5
  3328 | D:4      | Found a burning altar of Makhleb.
  3545 | D:4      | Reached *** piety under Trog
  3770 | Temple   | Entered the Ecumenical Temple
  3963 | D:5      | Entered Level 5 of the Dungeon
  3972 | D:5      | Reached skill level 7 in Axes
  4221 | D:5      | Reached skill level 5 in Armour
  4221 | D:5      | Reached XP level 7. HP: 62/62 MP: 6/6
  4490 | D:5      | Reached skill level 8 in Axes
  5157 | D:6      | Reached XP level 8. HP: 54/71 MP: 7/7
  5245 | D:6      | Reached skill level 9 in Axes
  5474 | D:6      | Reached skill level 10 in Axes
  5962 | D:6      | Found an ornate altar of the Wu Jian Council.
  6138 | D:7      | Found a stormy altar of Qazlal.
  6164 | D:7      | Reached **** piety under Trog
  6165 | D:7      | Reached XP level 9. HP: 81/81 MP: 8/8
  6313 | D:7      | Noticed a deep elf pyromancer
  6326 | D:7      | Killed a deep elf pyromancer
  6327 | D:7      | Reached skill level 11 in Axes
  6845 | D:7      | Found a shimmering altar of Xom.
  6845 | D:7      | Found a radiant altar of Vehumet.
  6916 | D:8      | Noticed Psyche
  6921 | D:8      | Killed Psyche
  6922 | D:8      | Reached skill level 12 in Axes
  6992 | D:8      | Found an ancient bone altar of Kikubaaqudgha.
  6992 | D:8      | Noticed a two-headed ogre
  7000 | D:8      | Killed a two-headed ogre
  7309 | D:8      | Reached XP level 10. HP: 86/91 MP: 9/9
  7597 | D:8      | Noticed a two-headed ogre
  7610 | D:8      | Killed a two-headed ogre
  7611 | D:8      | Reached skill level 13 in Axes
  7617 | D:8      | Found a staircase to the Lair.
  7723 | D:8      | Found a glowing silver altar of Zin.
  8016 | D:8      | Reached skill level 10 in Fighting
  8479 | D:9      | Found an opulent altar of Gozag.
  8559 | D:9      | Found a blossoming altar of Fedhas.
  8614 | D:9      | Found a sacrificial altar of Ru.
  8667 | D:9      | Noticed a brown ugly thing
  8676 | D:9      | Killed a brown ugly thing
  8778 | D:9      | Reached skill level 14 in Axes
  8778 | D:9      | Reached skill level 10 in Armour
  8948 | D:9      | Noticed a boulder beetle
  8970 | D:9      | Killed a boulder beetle
  9364 | D:9      | Found a white marble altar of Elyvilon.
  9543 | D:9      | Reached XP level 11. HP: 99/101 MP: 10/10
  9797 | D:9      | Noticed a two-headed ogre
  9803 | D:9      | Killed a two-headed ogre
 10148 | D:10     | Entered Level 10 of the Dungeon
 10156 | D:10     | Noticed a two-headed ogre
 10168 | D:10     | Killed a two-headed ogre
 10169 | D:10     | Reached skill level 15 in Axes
 10800 | D:10     | Found a broken altar of Ashenzari.
 10804 | D:10     | Saw a vision of the Swamp and the Snake Pit.
 10804 | D:10     | Noticed a goliath frog
 10804 | D:10     | Noticed an alligator
 10804 | D:10     | Noticed an alligator
 10804 | D:10     | Noticed a naga ritualist
 10807 | D:10     | Noticed an alligator
 11277 | D:11     | Noticed a skeletal warrior
 11277 | D:11     | Noticed a skeletal warrior
 11277 | D:11     | Noticed a skeletal warrior
 11321 | D:11     | Killed a skeletal warrior
 11342 | D:11     | Killed a skeletal warrior
 11395 | D:11     | Noticed a skeletal warrior
 11406 | D:11     | Killed a skeletal warrior
 11415 | D:11     | Killed a skeletal warrior
 11782 | D:11     | Noticed Grum
 11782 | D:11     | Noticed an eight-headed hydra
 11791 | D:11     | Killed a ten-headed hydra
 11792 | D:11     | Reached skill level 16 in Axes
 11797 | D:11     | Killed Grum
 12040 | D:11     | Noticed Harold
 12059 | D:11     | Killed Harold
 12070 | D:11     | Reached XP level 12. HP: 112/112 MP: 7/11
 12506 | D:11     | Found a staircase to the Orcish Mines.
 12540 | D:11     | Reached skill level 17 in Axes
 12728 | D:11     | Noticed a two-headed ogre
 12733 | D:11     | Killed a two-headed ogre
 12791 | D:11     | Noticed a two-headed ogre
 12798 | D:11     | Killed a two-headed ogre
 13181 | D:11     | Found a hide-covered altar of Uskayaw.
 13345 | Orc:1    | Entered Level 1 of the Orcish Mines
 13401 | Orc:1    | Noticed an orc warlord
 13662 | Lair:1   | Entered Level 1 of the Lair of Beasts
 14204 | Lair:1   | Reached skill level 1 in Shields
 14608 | Lair:1   | Noticed a four-headed hydra
 14625 | Lair:1   | Killed a 20-headed hydra
 15011 | Lair:2   | Reached skill level 18 in Axes
 15304 | Lair:2   | Found a staircase to the Snake Pit.
 15430 | Lair:2   | Noticed a four-headed hydra
 15621 | Lair:2   | Noticed a four-headed hydra
 15632 | Lair:2   | Reached skill level 5 in Shields
 15668 | Lair:1   | Reached XP level 13. HP: 57/122 MP: 12/12
 17874 | Lair:4   | Found a dark tunnel.
 17995 | Volcano  | Entered a volcano
 18143 | Volcano  | Found a radiant altar of Vehumet.
 18212 | Volcano  | Noticed a red draconian
 18257 | Volcano  | HP: 3/125 [salamander (4)]
 18665 | Lair:4   | Found a staircase to the Swamp.
 19970 | Lair:5   | Noticed Kirke
 20154 | Lair:4   | Killed Kirke
 20155 | Lair:4   | Reached skill level 10 in Shields
 20689 | Lair:5   | Slain by a 15-headed hydra

Illustrated notes

Levels and vault maps discovered:
D:1:      onia_arrival_pyramid, layout_rooms,
          hellmonk_ecumenical_altar_heavens_door
D:2:      layout_basic, nicolae_wormholes
D:3:      layout_loops_ring, mainiacjoe_overflow_small_starburst, uniq_terence,
          uniq_ijyb, uniq_crazy_yiuf_cottage, uniq_jessica
D:4:      layout_cave_pods, makhleb_heckhound_becter,
          nicolae_elyvilon_temple_path, minmay_temple_entry_wispy
D:5:      layout_gridville, serial_bayou_crossing
D:6:      layout_loops_ring, pdpol_wu_jian_five_deadly_venoms, minivault_11
D:7:      layout_loops_ring, gammafunk_temple_overflow_statue,
          mainiacjoe_overflow_six_doors_small, nrook_uturn,
          hangedman_decor_riveting
D:8:      layout_loops_corners, zin_scriptorium, lemuel_round_altar,
          lair_entry_dummy, special_room [special_room_orc], uniq_psyche
D:9:      layout_grid_maze, nicolae_gozag_seed_capital,
          nicolae_ru_the_path_less_chosen, overflow_temple_1_default,
          enter_bailey_3, minmay_ruined_shrine
D:10:     layout_loops_cross, grunt_ashenzari_visionary
          [grunt_ashenzari_visionary_swamp, grunt_ashenzari_visionary_snake]
D:11:     layout_roguey [special_room_orc],
          kennysheep_orc_monster_closet_entryway, nicolae_uskayaw_suspiria,
          uniq_grum, uniq_harold
Temple:   corrupted_temple
Lair:1:   beast_lair_carwin_large_2, layout_regular_city
Lair:2:   layout_small_grid, guppyfry_snake_entry_garden, grunt_megastairs_4
Lair:3:   layout_small_grid, ice2_lemuel, serial_bayou_shore_b,
          serial_bayou_shore_b
Lair:4:   layout_gridlike, minmay_swamp_entry_worms,
          nicolae_volcano_entry_vermiform, serial_bayou_shore_a
Lair:5:   layout_cave_pods, grunt_megastairs_3, lemuel_fruit_tree, uniq_kirke
Orc:1:    layout_diamond_mine, serial_shops, shop_coins, mines2_lemuel

Skill      XL: |  1  2  3  4  5  6  7  8  9 10 11 12 13 |
---------------+----------------------------------------+-----
Axes           | 4 5 6 7 8 10 12 14 16 18 | 18.0
Fighting       | 4 5 6 8 9 10 12 13 14 | 14.8
Armour         | 3 4 5 6 7 9 10 12 13 14 | 14.6
Shields        | 5 10 | 10.4
Dodging        | |  2.1

Action                   |  1- 3 |  4- 6 |  7- 9 | 10-12 | 13-15 || total
-------------------------+-------+-------+-------+-------+-------++-------
Melee: Hand axe          |    60 |   157 |   162 |   384 |   272 ||  1035
       Headbutt          |     8 |    20 |    34 |   114 |    64 ||   240
       Punch             |       |     7 |     1 |     8 |       ||    16
       Battleaxe         |       |       |       |   104 |       ||   104
       Unarmed           |       |       |       |       |     7 ||     7
Throw: Stone             |    43 |    39 |       |       |       ||    82
       Dart              |     6 |     5 |       |       |    68 ||    79
       Boomerang         |       |     6 |    18 |    96 |     5 ||   125
       Throwing net      |       |       |       |       |     6 ||     6
       Javelin           |       |       |       |       |     2 ||     2
Invok: Berserk           |       |     4 |     4 |    15 |     6 ||    29
       Trog's Hand       |       |       |     1 |     6 |     1 ||     8
       Brothers in Arms  |       |       |       |     2 |     5 ||     7
  Use: Scroll            |       |     1 |    12 |    11 |     1 ||    25
       Potion            |       |       |       |       |     1 ||     1
 Stab: Distracted        |       |       |     2 |     2 |     8 ||    12
Armor: Animal skin       |     4 |       |       |       |       ||     4
       Chain mail        |    17 |    61 |       |       |     3 ||    81
       Plate armour      |       |     2 |    65 |   231 |   112 ||   410
       Leather armour    |       |       |       |       |    22 ||    22
Dodge: Dodged            |    36 |    65 |    58 |   297 |   127 ||   583
Block: Kite shield       |       |       |       |    94 |   171 ||   265
